 Dungeon Crawl Stone Soup version 0.20-a0-709-gd40821f (webtiles) character file.

13 Messajah the Caller (level 2, 0/19 HPs)
             Began as a Demonspawn Summoner on Feb 21, 2017.
             Slain by a kobold
             ... wielding a +0 whip
              (1 damage)
             ... on level 2 of the Dungeon.
             The game lasted 00:15:41 (1079 turns).

Messajah the Caller (Demonspawn Summoner)           Turns: 1079, Time: 00:15:41

Health: 0/19       AC: -3    Str:  8    XL:     2   Next: 24%
Magic:  2/5        EV: 12    Int: 16    God:
Gold:   54         SH:  0    Dex: 13    Spells: 2/5 levels left

rFire    . . .     SeeInvis .   f - +0 dagger
rCold    . . .     Gourm    .   a - +0 robe
rNeg     . . .     Faith    .   (no shield)
rPois    .         Spirit   .   (no helmet)
rElec    .         Reflect  .   (no cloak)
rCorr    .         Harm     .   (no gloves)
MR       .....                  (no boots)
Stlth    ++........             (no amulet)
Regen    0.1/turn               (no ring)
MPRegen  0.1/turn               k - -5 ring of protection (curse)

@: no status effects
A: powered by pain 1
a: no special abilities


You were on level 2 of the Dungeon.
You were not hungry.

You visited 1 branch of the dungeon, and saw 2 of its levels.

You collected 54 gold pieces.

Inventory:

Hand Weapons
 f - a +0 dagger (weapon)
Armour
 a - a +0 robe (worn)
Jewellery
 k - a cursed -5 ring of protection (left hand)
Scrolls
 h - 3 scrolls of identify {unknown}
 l - a scroll of fear {unknown}
Potions
 d - 2 potions of brilliance {unknown}
 e - a potion of flight {unknown}
 g - a potion of degeneration {unknown}
 i - a potion of berserk rage {unknown}
 m - a potion of agility {unknown}
Books
 b - a book of Callings

   Spells                             Type                      Level
   a - Summon Small Mammal            Summoning                    1
   b - Call Imp                       Summoning                    2
   c - Call Canine Familiar           Summoning                    3
   d - Summon Guardian Golem          Hexes/Summoning              3
   e - Summon Lightning Spire         Summoning/Air                4
   f - Summon Ice Beast               Ice/Summoning                4
Comestibles
 c - a bread ration
 j - a royal jelly


   Skills:
 - Level 1.7 Dodging
 - Level 1.7 Stealth
 - Level 2.0 Spellcasting
 + Level 4.6 Summonings


You had 2 spell levels left.
You knew the following spells:

 Your Spells              Type           Power        Failure   Level  Hunger
i - Call Imp              Summ           ###.....     6%          2    ###....
m - Summon Small Mammal   Summ           ###.         3%          1    #......


Dungeon Overview and Level Annotations

Branches:
Dungeon (2/15)

Altars:


Innate Abilities, Weirdness & Mutations

You sometimes gain a little power by taking damage.


Message History

* * * LOW HITPOINT WARNING * * *
The kobold misses your crimson imp. The bat barely misses your crimson imp.
Your crimson imp blinks!
The kobold hits you with a whip.
* * * LOW HITPOINT WARNING * * *
Your crimson imp blinks!
The bat barely misses you. The bat completely misses you.
Your crimson imp hits the bat.
The bat closely misses you. The bat hits you.
* * * LOW HITPOINT WARNING * * *
Your crimson imp blinks!
The kobold hits you with a whip.
* * * LOW HITPOINT WARNING * * *
Found 3 white potions.
The bat hits you.
* * * LOW HITPOINT WARNING * * *
Your crimson imp hits the kobold.
The kobold hits you with a whip.
You die...

#######
#.....#
#bK...#
#@55..#
#.....#
#....<#
##.#.##
#.###.#
#.# #$#
## #!#
#.


You could see a bat, a kobold and 2 friendly crimson imps.

Vanquished Creatures
  A goblin (D:1)
  A hobgoblin (D:1)
  3 jackals (D:1)
  A rat (D:1)
6 creatures vanquished.

Vanquished Creatures (collateral kills)
  A ball python (D:1)
  A giant cockroach (D:1)
  2 hobgoblins (D:1)
  A kobold (D:1)
  4 bats (D:1)
9 creatures vanquished.

Grand Total: 15 creatures vanquished

Notes
Turn   | Place    | Note
-------+----------+-------------------------------------------
     0 | D:1      | Messajah the Demonspawn Summoner began the quest for the Orb.
     0 | D:1      | Reached XP level 1. HP: 13/13 MP: 3/3
   564 | D:1      | Gained mutation: You sometimes gain a little power by taking damage. [demonic ancestry]
   564 | D:1      | Reached XP level 2. HP: 19/19 MP: 3/5
   621 | D:1      | Learned a level 2 spell: Call Imp
  1079 | D:2      | Slain by a kobold

Vault maps used:
D:1:      minmay_arrival_five_plusses, minmay_misc_feat_diagonals
D:2:      kennysheep_generic_room_12

Action                   || total
-------------------------++-------
Melee: Dagger            ||    34
 Cast: Summon Small Mamm ||    11
       Call Imp          ||     8
 Stab: Sleeping          ||     1
  Eat: Chunk             ||     1
Armor: Robe              ||    19
Dodge: Dodged            ||    64
